Map: 사이버 포레스트 - 래더

Players

Serral - Winner!

  • Race: Zerg Zerg

INnoVation

  • Race: Terran Terran

Event: WESG 2018 Grand Finals

VOD

Have the link to the VOD?

Description

Time

  • Played on: March 17, 2019, 6:14 a.m.
  • Length: 37:20

All games in this series

Show
View Real Time Build Order
Export as new Build Order

Serral Zerg - Winner!

Build Orders: Hatch First 

Get SALT Encoding   

  12  0:00  Drone  
  13  0:12  Overlord  
  13  0:17  Drone  
  14  0:31  Drone x2  
  16  0:49  Hatchery  
  15  0:52  Drone  
  15  0:55  Drone  
  17  0:59  Drone  
  18  1:10  Extractor  
  17  1:15  Spawning Pool  
  17  1:18  Drone  
  17  1:21  Drone  
  18  1:27  Drone  
  19  1:42  Drone  
  20  1:49  Drone  
  21  2:01  Queen x2  
  21  2:03  Zergling x4  
  27  2:16  Hatchery  
  27  2:21  Overlord  
  26  2:25  Drone  
  26  2:28  Drone  
  28  2:32  Metabolic Boost  
  27  2:39  Drone x2  
  29  2:45  Queen  
  29  2:50  Overlord  
  31  2:54  Drone  
  31  2:56  Drone  
  33  2:59  Zergling x2  
  33  3:01  Drone  
  35  3:11  Drone x2  
  37  3:13  Drone x3  
  40  3:21  Overlord  
  40  3:24  Drone  
  40  3:26  Queen  
  43  3:31  Queen  
  43  3:34  Drone  
  46  3:37  Drone x2  
  48  3:41  Evolution Chamber  
  48  3:44  Drone x2  
  48  3:45  Drone  
  48  3:47  Drone  
  51  3:54  Overlord, Zergling x4  
  53  3:56  Drone  
  53  4:00  Drone x2  
  56  4:09  Zerg Ground Armor Level 1  
  56  4:11  Queen  
  56  4:13  Zergling x4  
  56  4:15  Drone x2  
  56  4:16  Drone  
  63  4:22  Queen  
  65  4:25  Overlord  
  65  4:27  Drone  
  65  4:37  Overlord  
  65  4:38  Overlord  
  65  4:43  Zergling x4  
  65  4:44  Zergling x8  
  71  4:51  Drone x3  
  74  4:53  Overlord, Lair  
  74  4:57  Queen  
  74  4:58  Zergling x6  
  74  4:59  Zergling x4  
  81  5:04  Zergling x2  
  81  5:05  Zergling x6  
  83  5:20  Drone x6  
  86  5:23  Drone  
  86  5:26  Drone  
  86  5:27  Queen  
  86  5:28  Extractor x2  
  88  5:30  Drone  
  88  5:31  Drone  
  88  5:33  Overlord  
  90  5:37  Overlord x2  
  90  5:39  Overlord  
  90  5:41  Evolution Chamber  
  89  5:51  Queen  
  89  5:52  Baneling Nest  
  89  5:55  Drone x2  
  89  5:56  Drone, Hatchery  
  92  5:57  Zergling x10  
  97  6:07  Zerg Melee Weapons Level 1  
  97  6:08  Zergling x10  
  97  6:09  Zergling x2  
  103  6:17  Zergling x12  
  108  6:19  Zerg Ground Armor Level 2  
  108  6:23  Extractor  
  107  6:26  Drone x3  
  107  6:30  Zergling x2  
  111  6:35  Baneling x5  
  111  6:37  Zergling x10  
  116  6:51  Zergling x12  
  116  6:54  Centrifical Hooks  
  122  6:57  Overlord  
  122  7:00  Overlord  
  121  7:03  Overlord, Zergling x2  
  121  7:05  Overlord  
  121  7:16  Queen  
  121  7:17  Drone x2, Extractor  
  121  7:18  Hydralisk Den, Drone x3  
  125  7:25  Zergling x14  
  124  7:38  Zergling x12  
  124  7:41  Drone x2  
  131  7:44  Overlord  
  131  7:45  Drone x8  
  131  7:48  Muscular Augments  
  131  7:49  Drone x2  
  138  7:55  Drone x2  
  122  8:03  Drone  
  122  8:04  Drone x3  
  123  8:11  Zergling x4  
  124  8:13  Hatchery  
  124  8:16  Zergling x20  
  124  8:17  Baneling x7  
  124  8:18  Zerg Melee Weapons Level 2  
  133  8:22  Extractor  
  133  8:23  Infestation Pit, Hatchery  
  133  8:25  Drone x3  
  133  8:27  Overlord  
  133  8:33  Zergling x2  
  133  8:34  Zergling x6  
  137  8:38  Zergling x6  
  139  8:47  Hydralisk x9  
  154  9:00  Grooved Spines, Hive  
  154  9:03  Drone  
  154  9:04  Spire, Drone x4, Extractor x2  
  154  9:05  Drone x2  
  158  9:12  Baneling x8  
  158  9:16  Overlord x2  
  158  9:18  Zergling x12  
  163  9:27  Drone  
  163  9:28  Spine Crawler, Spore Crawler, Drone x2  
  163  9:29  Spore Crawler  
  163  9:31  Overlord x2  
  163  9:36  Queen  
  165  9:38  Drone  
  165  9:39  Spore Crawler  
  165  9:44  Hydralisk x2  
  165  9:45  Zergling x12  
  173  9:55  Zergling x22  
  181  10:00  Hydralisk x3  
  187  10:07  Extractor  
  187  10:08  Extractor  
  185  10:14  Viper x2  
  185  10:15  Viper  
  185  10:17  Greater Spire  
  185  10:19  Adrenal Glands  
  194  10:26  Spore Crawler  
  193  10:28  Hatchery  
  191  10:38  Overseer x2  
  188  10:43  Corruptor  
  188  10:44  Corruptor x5  
  197  10:50  Corruptor  
  197  10:53  Spore Crawler x2  
  197  10:54  Spore Crawler  
  197  10:55  Spore Crawler, Corruptor  
  193  10:58  Corruptor  
  177  11:37  Brood Lord x7  
  191  11:43  Brood Lord  
  191  11:45  Overseer  
  193  11:48  Brood Lord, Extractor  
  193  11:51  Zergling x12  
  193  11:52  Extractor  
  199  11:54  Baneling  
  199  11:55  Baneling x4  
  199  11:56  Baneling x4  
  196  12:05  Pneumatized Carapace  
  188  12:12  Zergling x24  
  200  12:16  Zerg Melee Weapons Level 3  
  200  12:20  Zerg Ground Armor Level 3  
  179  12:37  Zergling x40  
  197  12:44  Zergling x4  
  197  12:45  Zergling x4  
  199  12:52  Zerg Flyer Weapons Level 1  
  199  13:01  Baneling x14  
  199  13:05  Zergling x16  
  188  13:16  Zergling x2  
  188  13:17  Zergling x30  
  157  13:21  Zergling x6  
  132  13:27  Viper x2  
  132  13:28  Viper  
  132  13:31  Zergling x4  
  132  13:32  Zergling x2  
  140  13:43  Hydralisk x4  
  144  13:51  Zergling x4, Hydralisk x2  
  144  13:53  Zergling x2  
  144  13:54  Zergling x2  
  139  13:56  Zergling x2  
  139  13:57  Zergling x4  
  141  14:04  Baneling x11  
  141  14:10  Drone x5  
  141  14:11  Drone  
  147  14:28  Zergling x12  
  147  14:29  Zergling x6  
  156  14:37  Drone  
  156  14:38  Drone, Hatchery  
  158  14:40  Hydralisk x3  
  158  14:41  Zergling x10  
  168  14:46  Baneling x11  
  168  14:53  Zerg Missile Weapons Level 1  
  167  15:22  Corruptor x7  
  167  15:23  Corruptor x2  
  185  15:33  Baneling x10  
  185  15:35  Pathogen Glands  
  185  15:38  Drone x13  
  198  15:46  Spore Crawler  
  198  15:47  Spore Crawler  
  196  15:50  Spore Crawler  
  196  15:52  Spore Crawler x2  
  196  15:54  Spore Crawler  
  196  15:55  Overseer x2, Spore Crawler x3  
  196  15:56  Spore Crawler  
  188  15:59  Spore Crawler  
  188  16:01  Queen  
  188  16:02  Queen  
  188  16:03  Queen  
  193  16:12  Brood Lord x3  
  199  16:25  Overlord  
  199  16:26  Extractor  
  199  16:27  Extractor  
  199  16:31  Overseer x3  
  197  16:45  Brood Lord  
  197  16:46  Zerg Flyer Armor Level 1  
  199  16:52  Hatchery  
  198  16:58  Brood Lord  
  199  17:14  Zerg Missile Weapons Level 2  
  199  17:15  Brood Lord x2  
  199  17:18  Spire  
  199  17:19  Brood Lord  
  199  17:22  Hatchery  
  199  17:26  Spore Crawler  
  199  17:27  Spore Crawler x2, Brood Lord  
  199  17:29  Hatchery  
  193  17:39  Drone x3  
  193  17:40  Drone x3  
  193  17:42  Spore Crawler  
  193  17:44  Spore Crawler  
  195  17:45  Spore Crawler  
  195  17:46  Spore Crawler  
  197  17:52  Viper  
  197  17:53  Corruptor  
  176  18:32  Zergling x12  
  187  18:37  Drone x5  
  187  18:40  Brood Lord  
  188  18:42  Spore Crawler, Corruptor x6  
  188  18:45  Spore Crawler, Zerg Flyer Weapons Level 2, Zerg Flyer Armor Level 2  
  188  18:47  Spore Crawler  
  197  18:49  Spore Crawler  
  197  18:51  Baneling x3  
  197  18:52  Drone x3  
  195  19:14  Drone x3, Extractor x2  
  195  19:16  Drone x3  
  199  19:18  Spore Crawler  
  199  19:19  Spore Crawler x2  
  199  19:21  Zergling x6  
  191  19:33  Infestor x5  
  191  19:34  Neural Parasite  
  200  19:38  Burrow  
  198  19:53  Infestor  
  200  20:01  Zerg Missile Weapons Level 3  
  200  20:22  Overseer x3  
  200  20:23  Overseer  
  200  20:52  Infestor  
  200  20:53  Overseer  
  200  20:54  Overseer x2  
  199  21:34  Zergling x4  
  199  21:38  Infestor x4  
  198  21:42  Zergling x4  
  193  22:03  Zergling x12  
  199  22:10  Spore Crawler  
  199  22:11  Spore Crawler  
  199  22:12  Spore Crawler  
  199  22:14  Infestor x2  
  198  22:21  Zergling x2  
  198  22:22  Zergling x12  
  196  22:31  Baneling x12  
  170  22:54  Zergling x40  
  170  22:55  Zergling x2  
  180  23:01  Corruptor x8  
  180  23:04  Infestor  
  186  23:10  Corruptor x2  
  175  23:26  Brood Lord x6  
  187  23:33  Hatchery  
  183  23:36  Infestor x5  
  183  23:41  Viper x2  
  199  24:30  Extractor  
  198  24:35  Extractor  
  197  24:38  Infestor  
  197  24:43  Drone x2  
  197  24:45  Baneling x4  
  197  24:46  Baneling x3  
  186  24:55  Drone  
  186  24:56  Drone x6, Extractor  
  186  24:57  Drone x2  
  194  25:01  Drone x2  
  194  25:02  Drone x3  
  196  25:08  Zergling x2  
  196  25:09  Zergling x6  
  196  25:11  Baneling x6  
  196  25:12  Baneling  
  178  25:22  Zergling x22  
  178  25:24  Zergling x14  
  168  25:43  Drone x3  
  168  25:45  Queen x3  
  168  25:48  Baneling x6  
  168  25:49  Overlord x2, Baneling x4, Hydralisk x4  
  176  25:56  Viper x3  
  191  26:02  Drone x3, Extractor  
  187  26:15  Viper  
  190  26:19  Baneling x7  
  190  26:20  Drone x3, Extractor  
  190  26:21  Zergling x16  
  193  26:50  Zergling x12  
  199  26:56  Zergling x10  
  199  26:57  Zergling x6  
  197  27:02  Overlord  
  173  27:18  Zergling x22  
  173  27:21  Hydralisk x5  
  173  27:22  Hydralisk x2  
  192  27:24  Zergling x14  
  197  27:38  Hatchery, Baneling x10  
  197  27:42  Zerg Flyer Weapons Level 3  
  197  27:43  Zerg Flyer Armor Level 3  
  197  27:44  Overlord  
  196  27:46  Baneling x5  
  168  28:07  Drone x17  
  168  28:08  Corruptor x2  
  168  28:09  Corruptor x4  
  168  28:12  Zergling x28  
  179  28:24  Zergling x8  
  168  28:27  Viper  
  166  28:50  Brood Lord x3  
  172  29:01  Brood Lord  
  174  29:06  Brood Lord x2  
  178  29:12  Extractor  
  177  29:19  Viper x3  
  185  29:24  Baneling x6  
  163  30:05  Brood Lord  
  164  30:07  Hatchery  
  162  30:22  Viper x2  
  162  30:27  Drone x4  
  166  30:38  Zergling x6  
  166  30:39  Baneling  
  166  30:40  Baneling  
  169  30:53  Drone x3  
  172  30:59  Baneling x5  
  172  31:04  Infestor  
  172  31:08  Infestor  
  174  31:19  Queen x2  
  178  31:26  Drone x3  
  178  31:30  Extractor  
  178  31:31  Drone x3  
  183  31:36  Drone x3  
  186  31:50  Infestor x2  
  190  31:59  Zergling x20  
  199  32:18  Zergling x2  
  195  32:39  Overlord  
  195  32:41  Hatchery  
  189  32:47  Baneling x2  
  189  32:48  Overseer, Baneling x4  
  189  32:51  Zergling x12  
  194  33:08  Viper  
  194  33:22  Zergling x2, Baneling x2  
  184  33:32  Zergling x10  
  184  33:39  Overlord  
  184  33:40  Corruptor x3  
  184  33:41  Corruptor  
  192  33:57  Baneling x3  
  192  33:58  Baneling x4  
  192  34:03  Infestor  
  192  34:04  Infestor x3  
  182  36:04  Hatchery  
  179  36:13  Brood Lord  
  179  36:15  Corruptor x7  
  193  36:18  Infestor  
  193  36:19  Infestor x2  
  186  36:32  Corruptor  
  186  36:33  Corruptor x3  
  194  36:41  Queen x3  
Show
View Real Time Build Order
Export as new Build Order

INnoVation Terran 

Build Orders: Reaper Expand 

Get SALT Encoding   

  12  0:00  SCV  
  13  0:12  SCV  
  14  0:17  Supply Depot  
  14  0:24  SCV  
  15  0:38  SCV  
  15  0:41  Barracks  
  16  0:43  Refinery  
  16  0:50  SCV  
  17  1:02  SCV  
  18  1:15  SCV  
  19  1:27  Reaper  
  19  1:28  Orbital Command  
  20  1:40  Command Center  
  20  1:53  Barracks  
  20  1:54  SCV  
  20  1:59  Barracks Reactor  
  21  2:06  SCV  
  22  2:09  Supply Depot  
  22  2:15  Refinery  
  22  2:19  SCV  
  23  2:28  Factory  
  23  2:31  SCV  
  24  2:39  Marine x2  
  24  2:42  Barracks Tech Lab  
  24  2:43  SCV  
  27  2:52  Orbital Command  
  27  2:55  SCV  
  28  3:00  Stimpack  
  28  3:01  Marine  
  28  3:04  Marine  
  30  3:07  Marine  
  30  3:10  SCV  
  32  3:19  Starport  
  32  3:21  SCV  
  32  3:22  SCV  
  32  3:23  Factory Reactor  
  32  3:27  Marine  
  34  3:29  Marine  
  34  3:31  Marine  
  37  3:35  SCV x2  
  37  3:40  Supply Depot  
  39  3:47  SCV x2  
  41  3:49  Marine x3  
  44  3:59  SCV x2  
  44  4:02  Medivac, Supply Depot  
  48  4:03  Medivac  
  48  4:06  Marine x2  
  48  4:08  Marine  
  53  4:12  SCV  
  55  4:24  Marine x2, SCV  
  55  4:25  SCV  
  55  4:26  Marine, Supply Depot  
  59  4:33  Engineering Bay  
  59  4:34  Engineering Bay  
  59  4:36  SCV  
  59  4:39  SCV  
  59  4:43  Marine x2  
  62  4:47  Marine  
  62  4:48  SCV  
  62  4:49  Factory Tech Lab, Supply Depot  
  62  4:51  SCV  
  65  4:53  Supply Depot  
  65  5:00  SCV  
  65  5:02  Combat Shield  
  65  5:06  Terran Infantry Weapons Level 1, Terran Infantry Armor Level 1  
  66  5:19  Marine x3  
  66  5:20  SCV x2  
  67  5:25  Supply Depot, Command Center  
  67  5:32  SCV x2  
  67  5:35  Medivac  
  71  5:36  Marine  
  71  5:37  Medivac, Marine x2  
  71  5:41  Refinery  
  76  5:45  Refinery, SCV x2  
  78  5:54  Marine x3  
  81  5:57  SCV x2  
  81  6:00  Barracks, Supply Depot  
  83  6:10  SCV  
  83  6:11  SCV  
  85  6:12  Barracks  
  85  6:13  Marine x3  
  88  6:18  Barracks  
  88  6:23  Supply Depot  
  88  6:26  Siege Tank  
  88  6:27  SCV x2  
  88  6:29  Armory  
  93  6:33  Marine x3  
  93  6:38  Orbital Command  
  96  6:45  SCV x2  
  98  6:47  Barracks Reactor, Supply Depot  
  97  6:55  Supply Depot  
  97  6:57  Marine x3  
  97  6:58  Siege Tank  
  97  7:00  SCV x2  
  101  7:14  Barracks Reactor x2  
  101  7:16  Marine x3  
  101  7:17  Terran Infantry Weapons Level 2, Terran Infantry Armor Level 2  
  101  7:19  Orbital Command  
  101  7:21  SCV  
  101  7:22  SCV  
  92  7:34  SCV x2  
  92  7:35  Marine  
  92  7:36  Marine x3  
  98  7:38  Siege Tank  
  101  7:45  Refinery  
  101  7:46  SCV x3  
  101  7:47  Refinery  
  95  7:58  Marine x2  
  95  7:59  Marine x7  
  95  8:01  SCV x2  
  102  8:07  Terran Vehicle Weapons Level 1  
  102  8:10  Siege Tank  
  105  8:14  Factory  
  105  8:16  Marine x4  
  105  8:17  Marine  
  110  8:23  Marine x4, Command Center  
  114  8:27  SCV x3  
  114  8:30  Medivac x2  
  121  8:34  Marine x5  
  121  8:40  Marine  
  121  8:41  Marine x3  
  130  8:46  Siege Tank  
  130  8:48  SCV x3  
  131  8:52  Marine x4  
  136  8:56  Marine  
  136  8:57  Missile Turret  
  136  8:58  Marine  
  136  9:02  Factory Tech Lab  
  138  9:06  Sensor Tower, Supply Depot  
  138  9:07  Supply Depot  
  138  9:12  Medivac  
  138  9:13  Marine  
  138  9:16  Supply Depot x2  
  141  9:28  Medivac, Marine x3, Siege Tank x2, SCV x3  
  141  9:30  Supply Depot  
  154  9:33  Supply Depot  
  154  9:40  Terran Infantry Weapons Level 3, Terran Infantry Armor Level 3  
  154  9:41  SCV  
  154  9:42  SCV  
  156  9:52  SCV  
  157  9:53  SCV  
  157  9:54  SCV  
  157  9:56  Planetary Fortress  
  157  9:59  Sensor Tower, Marine x2  
  150  10:00  Marine x4  
  150  10:05  Siege Tank  
  159  10:14  SCV x3  
  159  10:15  Refinery x2  
  159  10:18  Terran Vehicle Weapons Level 2  
  161  10:21  Starport  
  161  10:22  Starport  
  161  10:25  Fusion Core  
  161  10:34  Command Center  
  161  10:36  Marine  
  161  10:37  Marine x5  
  161  10:42  Siege Tank  
  170  10:49  Siege Tank  
  170  10:59  Viking x2, Starport Reactor, Starport Tech Lab  
  170  11:00  Marine  
  170  11:01  Marine x8  
  183  11:15  Barracks  
  183  11:16  Barracks, Ghost Academy  
  183  11:18  Barracks, Marine  
  183  11:19  Viking  
  184  11:28  Advanced Ballistics  
  184  11:29  Viking  
  175  11:36  Viking x3  
  175  11:37  Marine x5  
  178  11:42  Armory  
  178  11:55  Viking  
  178  11:59  Viking  
  178  12:00  Ghost  
  181  12:05  Barracks Tech Lab x2  
  181  12:06  Barracks Tech Lab, Viking x2  
  181  12:07  Marine x5  
  180  12:16  Viking  
  181  12:22  Siege Tank  
  181  12:23  Siege Tank  
  181  12:25  Viking  
  181  12:28  Ghost  
  177  12:31  Viking  
  177  12:36  Viking x2  
  171  12:42  Marauder x3, Marine x6  
  175  12:47  Concussive Shells  
  174  12:52  Sensor Tower  
  174  12:55  Factory Tech Lab  
  168  13:06  Liberator x3  
  168  13:09  Viking x2  
  145  13:21  Marauder, Marine, Liberator  
  145  13:22  Marauder x3, Marine x6, Liberator  
  151  13:30  SCV x2  
  151  13:32  Siege Tank  
  154  13:38  Siege Tank  
  163  13:42  Marine x2  
  163  13:43  Marauder x3, Marine  
  163  13:44  Marine  
  165  13:49  Marine x3  
  165  13:52  Marine  
  165  13:53  Marine  
  147  14:00  Marine x2  
  147  14:01  Marine  
  136  14:04  Marauder x2, Marine  
  136  14:05  Marauder  
  136  14:07  Marine  
  136  14:08  Medivac  
  144  14:10  Medivac  
  144  14:11  Marauder  
  144  14:12  Medivac  
  150  14:20  Liberator x2  
  150  14:21  Liberator, Siege Tank x2  
  156  14:27  Liberator x2  
  156  14:33  Command Center  
  156  14:38  Marine x5  
  176  14:58  Siege Tank x2  
  182  15:02  Supply Depot x2  
  182  15:03  Marauder x3, Marine x2  
  182  15:06  Liberator  
  188  15:14  Marine  
  188  15:15  Marauder  
  188  15:18  Marine x3  
  188  15:23  Marine x4  
  188  15:24  Marauder x2  
  199  15:35  Terran Ship Weapons Level 1, Terran Vehicle And Ship Armor Level 1  
  196  15:36  Marauder  
  196  15:40  Viking  
  200  15:48  Command Center  
  200  15:56  Sensor Tower  
  200  16:00  Missile Turret  
  200  16:08  Refinery  
  200  16:09  Refinery  
  200  16:10  Sensor Tower, Planetary Fortress  
  200  16:24  Command Center  
  200  16:27  Command Center  
  200  16:45  Command Center  
  200  16:47  Command Center  
  200  17:05  Personal Cloaking  
  200  17:07  Neosteel Armor, Hi-Sec Auto Tracking  
  200  17:12  Missile Turret  
  200  17:13  Missile Turret  
  200  17:15  Missile Turret  
  187  17:16  Ghost x3  
  187  17:17  Ghost  
  192  17:28  Missile Turret  
  192  17:30  Missile Turret x2  
  192  17:45  Ghost x3  
  192  17:49  Viking  
  192  17:51  Orbital Command x2  
  199  18:05  Orbital Command  
  199  18:12  Terran Ship Weapons Level 2  
  199  18:13  Terran Vehicle And Ship Armor Level 2  
  199  18:20  Viking  
  199  18:24  Missile Turret  
  187  18:27  Viking x3  
  187  18:31  Nuke  
  187  18:32  Missile Turret  
  185  18:37  Orbital Command  
  185  18:43  Ghost x2, Viking  
  191  18:50  Sensor Tower  
  191  18:55  Liberator  
  189  19:11  Ghost x3  
  189  19:12  Ghost  
  193  19:39  Viking x3  
  193  19:45  Missile Turret  
  199  19:46  Missile Turret  
  197  19:55  Missile Turret  
  197  19:56  Missile Turret  
  197  19:58  Missile Turret  
  197  20:01  Marauder, Marine  
  197  20:06  Sensor Tower  
  197  20:07  Planetary Fortress  
  200  20:12  Missile Turret  
  200  20:21  Refinery  
  200  20:23  Missile Turret  
  200  20:24  Missile Turret  
  200  20:26  Refinery  
  200  20:27  Command Center  
  200  20:29  Command Center  
  200  20:38  Nuke  
  200  20:39  Ghost Academy  
  198  20:50  Missile Turret  
  198  20:54  Viking  
  198  20:55  Ghost Academy  
  198  20:56  Ghost Academy  
  200  21:11  Missile Turret  
  200  21:14  Nuke  
  200  21:19  Liberator  
  200  21:27  Nuke x3  
  199  21:35  Marauder x3  
  196  21:48  Missile Turret  
  196  21:49  Missile Turret  
  196  21:52  Marauder, Marine x2  
  200  21:56  Orbital Command  
  200  22:02  Terran Ship Weapons Level 3  
  200  22:03  Terran Vehicle And Ship Armor Level 3  
  200  22:21  Marauder x3, Marine x3  
  200  22:25  Nuke  
  193  22:56  Viking x4  
  199  23:02  Viking  
  199  23:05  Ghost x3  
  181  23:06  Ghost  
  174  23:24  Refinery  
  174  23:25  Marine x5  
  174  23:26  Marine x3, Viking x2  
  180  23:34  Ghost x4  
  180  23:39  Missile Turret x2  
  180  23:40  Medivac x3  
  194  23:43  Marine  
  195  23:56  Sensor Tower  
  192  24:10  Viking x4  
  200  24:22  Liberator  
  200  24:24  Missile Turret  
  200  24:27  Missile Turret  
  200  24:31  Nuke x2  
  200  24:36  Nuke  
  200  24:37  Nuke  
  199  24:54  Missile Turret  
  199  24:55  Missile Turret  
  199  24:59  Missile Turret  
  199  25:11  Marine  
  199  25:13  Liberator x2  
  199  25:14  Liberator x3  
  165  25:22  Marauder x3, Marine  
  165  25:23  Marine x7  
  165  25:24  Nuke  
  173  25:29  Marine  
  188  25:40  Marine x7  
  188  25:41  Marauder  
  189  25:43  Marauder  
  189  25:44  Marauder x2  
  189  25:47  Marine, Nuke x2  
  192  25:58  Marine x7  
  192  25:59  Missile Turret  
  192  26:01  Nuke  
  199  26:05  Marine  
  198  26:16  Marine x3, Ghost  
  199  26:25  Missile Turret  
  199  26:31  Nuke  
  191  26:57  Ghost x4  
  194  27:04  Missile Turret  
  194  27:06  Missile Turret  
  171  27:23  Marine x8  
  171  27:26  Medivac, Ghost  
  171  27:27  Marauder x2  
  187  27:33  Medivac  
  187  27:35  Missile Turret x2  
  189  27:37  Refinery, Marine  
  189  27:38  Refinery  
  189  27:40  Marine  
  189  27:41  Marine x7  
  179  28:09  Marauder x3, Marine  
  179  28:10  Marauder, Marine x7  
  150  28:27  Marine x2  
  150  28:28  Marine x6  
  150  28:30  Marine  
  150  28:31  Marauder x3  
  133  28:44  Viking x2  
  133  28:45  Marine x8  
  142  28:49  Marauder  
  142  28:52  Marauder, Marine x2  
  148  29:03  Medivac x2, Marine x2  
  148  29:04  Orbital Command  
  148  29:05  Marine  
  154  29:23  Refinery  
  154  29:24  Refinery  
  152  29:43  Viking  
  152  29:44  Viking x2  
  157  29:56  Viking  
  157  29:57  Viking  
  157  29:59  Ghost x2  
  149  30:19  Marine, Viking x3  
  149  30:20  Marine x7  
  163  30:33  Orbital Command  
  163  30:37  Viking x2  
  163  30:40  Marine x11  
  163  30:41  Marine  
  179  30:44  Orbital Command  
  179  30:48  Viking  
  181  30:53  Viking x2  
  185  30:57  Marine  
  185  30:58  Marine x4  
  185  30:59  Refinery  
  190  31:06  Viking  
  190  31:08  Viking  
  188  31:20  Viking  
  187  31:44  Ghost  
  189  32:00  Refinery  
  189  32:24  Ghost x2  
  189  32:28  Viking  
  195  32:33  Missile Turret  
  195  32:35  Missile Turret  
  189  32:45  Viking x3  
  194  32:57  Ghost  
  190  33:12  Ghost  
  155  33:36  Marauder x3, Marine x8  
  171  33:41  Marauder  
  170  33:54  Marine x2  
  170  33:55  Medivac x2  
  176  34:00  Refinery  
  176  34:17  Nuke  
  159  34:39  Nuke  
  159  34:40  Nuke  
  159  34:42  Marine x3  
  159  34:43  Marine x9  
  171  34:46  Nuke  
  171  35:00  Marine  
  160  35:27  Nuke  
  148  36:01  Viking  
Tags
 
Add a new tag
Caveats
  • Supply blocks, unpowered buildings, or Contaminate may cause inaccurate times.
  • Supply counts are checked every 10 seconds.